 Dungeon Crawl Stone Soup version 0.27-a0-1193-g8631133539 (webtiles) character file.

Game seed: 366438906155347860

1 Kold the Sneak (level 1, -1/18 HPs)
             Began as a Demonspawn Delver on May 25, 2021.
             Slain by a scorpion (8 damage)
             ... on level 3 of the Dungeon.
             The game lasted 00:00:22 (227 turns).

Kold the Sneak (Demonspawn Delver)                   Turns: 227, Time: 00:00:22

Health: -1/18      AC:  3    Str: 12    XL:     1   Next: 16%
Magic:  1/1        EV: 11    Int: 11    God:
Gold:   13         SH:  0    Dex: 14    Spells: 0/0 levels left

rFire    . . .     SeeInvis .   a - +0 mace
rCold    . . .     Faith    .   (no shield)
rNeg     . . .     Spirit   .   b - +0 leather armour
rPois    .         Reflect  .   (no helmet)
rElec    .         Harm     .   (no cloak)
rCorr    .         Rampage  .   (no gloves)
Will     .....                  (no boots)
Stlth    ++........             (no amulet)
HPRegen  0.06/turn              (no ring)
MPRegen  0.07/turn              (no ring)

@: no status effects
A: no striking features
a: no special abilities


You were on level 3 of the Dungeon.
You visited 1 branch of the dungeon, and saw 3 of its levels.

You collected 13 gold pieces.

Inventory:

Hand Weapons
 a - a +0 mace (weapon)
Armour
 b - a +0 leather armour (worn)
Wands
 g - a wand of digging (3)
Scrolls
 c - a scroll of fog
 d - a scroll of magic mapping
 e - a scroll of fear
Potions
 f - a potion of haste


   Skills:
 + Level 3.0 Fighting
 + Level 1.8 Maces & Flails
 + Level 1.8 Dodging
 + Level 4.5 Stealth


You couldn't memorise any spells.
You didn't know any spells.
Your spell library was empty.

Dungeon Overview and Level Annotations

Branches:
Dungeon (5/15)
 Temple: D:4-7

Altars:

Annotations:
D:5 Menkaure


Message History

The sky beast hits you. The sky beast shocks you.
Found a stone staircase leading up.
The howler monkey hoots and howls with incredible vigour!
You hear a shout!
You hear an angry hiss.
Menkaure, Prince of Dust comes into view.
The orc wizard points at itself and mumbles some strange words.
The orc wizard flickers and vanishes!
The howler monkey hoots and howls with incredible vigour!
Menkaure shouts!
There is a stone staircase leading up here.
Menkaure casts a spell.
Menkaure seems to speed up.
You climb upwards.
Reactivating autopickup.
Found 13 gold pieces.
There is a stone staircase leading down here.
You start resting.
HP restored.
Found a stone staircase leading up.
You now have 13 gold pieces.
There is a stone staircase leading up here.
You climb upwards.
You hear the sound of rushing water.
There is an entrance to a sewer on this level.
Hurry and find it before the portal rusts away!
An endoplasm and a scorpion come into view.
Found 24 arrows.
Found a stone staircase leading up.
There is a stone staircase leading down here.
Found 13 gold pieces.
The scorpion closely misses you.
A dart slug comes into view.
The helpless endoplasm fails to defend itself.
You hit the endoplasm.
The endoplasm is almost dead.
The scorpion stings you. The endoplasm closely misses you.
You hit the endoplasm.
You kill the endoplasm!
The scorpion stings you but does no damage.
The scorpion stings you.
You hit the scorpion but do no damage. The scorpion stings you!
You die...

......#.###....
......#.##....
......... ...#
.......###..#
....<..$..# .
#........# w..
#...##...###.....
#..>....s@.......
###....####....##
#.#..# .###
#....# # #(...#
#.#... #.##...
#.######


You could see a scorpion and a dart slug (asleep).

Vanquished Creatures
  An endoplasm (D:3)
1 creature vanquished.

Notes
Turn   | Place    | Note
-------+----------+-------------------------------------------
     0 | D:5      | Kold the Demonspawn Delver began the quest for the Orb.
     0 | D:5      | Reached XP level 1. HP: 18/18 MP: 1/1
    26 | D:5      | Noticed a sky beast
    46 | D:5      | Noticed an orc wizard
    46 | D:5      | Noticed a howler monkey
    46 | D:5      | Noticed an orc wizard
    48 | D:5      | Noticed an ogre
    56 | D:5      | Noticed Menkaure
   218 | D:3      | Noticed a scorpion
   227 | D:3      | Slain by a scorpion

Illustrated notes

Levels and vault maps discovered:
D:3:      layout_basic, serial_shops, nicolae_shop_waterfront,
          gup_sewer_entry_spiral, minmay_misc_feat_chi, hangedman_decor_growths,
          uniq_sigmund
D:4:      layout_layer_cave, kennysheep_little_box,
          minmay_temple_entry_stoned_glass, kennysheep_generic_room_12
D:5:      layout_loops_ring, marbit_many_paths, uniq_menkaure

Action                   || total
-------------------------++-------
Melee: Mace              ||     3
 Stab: Sleeping          ||     1
Armor: Leather armour    ||     2
Dodge: Dodged            ||     2

Table legend: (Time is in decaauts)
 A = Elapsed time spent in this place.
 B = Non-inter-level travel time spent in this place.
 C = Inter-level travel time spent in this place.
 D = Time resting spent in this place.
 E = Time spent auto-exploring this place.
 F = Levels seen in this place.
 G = Mean time per level.
                   A        B        C        D        E       F      G
               +--------+--------+--------+--------+--------+-----+--------+
         Total |    227 |    227 |      0 |    141 |      0 |   3 |   75.7 |
       Dungeon |    227 |    227 |      0 |    141 |      0 |   3 |   75.7 |
               +--------+--------+--------+--------+--------+-----+--------+

Top non-repeatable levels by time:
     D:4: 158 daAuts
     D:5: 59 daAuts
     D:3: 9 daAuts
